 Dungeon Crawl Stone Soup version 0.31-a0-854-g362426d53f (webtiles) character file.

Game seed: 8799921090640896366

7568 Ge0ff the Skirmisher (level 11, -2/77 HPs)
             Began as an Octopode Hexslinger on Oct 8, 2023.
             Was a High Priest of Okawaru.
             Slain by an ice beast (12 damage)
             ... on level 9 of the Dungeon.
             The game lasted 00:23:53 (12701 turns).

Ge0ff the Skirmisher (Octopode Hexslinger)         Turns: 12701, Time: 00:23:53

Health: -2/77      AC:  3    Str:  8    XL:     11   Next: 17%
Magic:  14/14      EV: 18    Int: 15    God:    Okawaru [*****.]
Gold:   334        SH:  0    Dex: 19    Spells: 12/14 levels left

rFire   . . .        a - +2 sling (elec)
rCold   . . .        (no shield)
rNeg    . . .        (helmet restricted)
rPois   .            V - amulet of magic regeneration
rElec   .            (no ring)
rCorr   .            (no ring)
SInv    .            (no ring)
Will    .....        (no ring)
Stlth   ++++++       (no ring)
HPRegen 0.32/turn    (no ring)
MPRegen 0.54/turn    (no ring)
                     (no ring)

%: no passive effects
@: weak-willed, heroic
A: almost no armour, amphibious, 8 rings, camouflage 1, gelatinous body 1,
nimble swimmer 1, tentacles, iridescent scales 1
a: Renounce Religion, Heroism, Finesse, Duel


You were on level 9 of the Dungeon.
You worshipped Okawaru.
Okawaru was extremely pleased with you.
You visited 2 branches of the dungeon, and saw 10 of its levels.

You collected 513 gold pieces.
You spent 179 gold pieces at shops.

Inventory:

Hand Weapons
 a - a +2 sling of electrocution (weapon)
 w - a +1 short sword of venom
 P - a +0 heavy spear
 Z - a +0 orcbow
Missiles
 g - 9 throwing nets {=F}
 D - 10 poisoned darts
 O - 25 boomerangs
 S - 2 atropa-tipped darts
 X - 3 javelins
Jewellery
 V - an amulet of magic regeneration (around mantle)
Wands
 f - a wand of flame (7)
 k - a wand of iceblast (8)
 p - a wand of paralysis (11)
Scrolls
 m - a scroll of revelation
 B - 2 scrolls of blinking
 C - a scroll of poison
 F - 2 scrolls of fog
 T - 6 scrolls of teleportation
 U - a scroll of fear {unknown}
Potions
 q - 3 potions of curing
 u - a potion of mutation {!q}
 A - a potion of attraction
 L - 2 potions of lignification
 Q - a potion of haste {unknown}
 R - a potion of invisibility {unknown}
 W - a potion of brilliance {unknown}


   Skills:
 + Level 7.8(12.8) Fighting
 * Level 12.4(17.4) Ranged Weapons
 + Level 3.5(8.5) Dodging
 - Level 4.0(9.0) Stealth
 - Level 2.0 Spellcasting
 - Level 5.0 Hexes
 - Level 1.0 Fire Magic
 + Level 3.4 Invocations
 * Level 5.6 Evocations


You had 12 spell levels left.
You knew the following spells:

 Your Spells              Type           Power      Damage    Failure   Level
s - Jinxbite              Hex            32%        N/A       4%          2

Your spell library contained the following spells:

 Spells                   Type           Power      Damage    Failure   Level
 Slow                     Hex            64%        N/A       2%          1
 Confusing Touch          Hex            16%        N/A       9%          3
 Sigil of Binding         Hex            16%        N/A       9%          3
 Inner Flame              Hex/Fire       10%        N/A       19%         3
 Apportation              Tloc           2%         N/A       22%         1
 Freeze                   Ice            4%         1d3       22%         1
 Cause Fear               Hex            8%         N/A       28%         4
 Sublimation of Blood     Necr           1%         N/A       32%         2
 Wereblood                Tmut           1%         N/A       32%         2
 Frozen Ramparts          Ice            2%         1d1       54%         3
 Hailstorm                Conj/Ice       1%         3d3       54%         3
 Vampiric Draining        Necr           1%         2d6       54%         3
 Dimensional Bullseye     Hex/Tloc       4%         N/A       61%         4
 Alistair's Intoxication  Tmut/Pois      0%         N/A       99%         5
 Summon Hydra             Summ           Unusable   N/A       N/A         7

Dungeon Overview and Level Annotations

Branches:
Dungeon (9/15) Zot: 24948  Temple (1/1) D:5 Zot: 5969
   Lair: D:8-11         Orc: D:9-12

Altars:
Ashenzari
Cheibriados
Dithmenos
Fedhas
Gozag
Hepliaklqana
Kikubaaqudgha
Makhleb
Nemelex Xobeh
Okawaru
Ru
Sif Muna
Trog
Uskayaw
Vehumet
Xom
Zin
The Shining One

Shops:
D:2 ?   D:7 [   D:9 (*

Annotations:
D:6 3 runed translucent doors, exclusion: 3 doors, zurenarrh's ghost, novice DrSh
D:9 exclusion: ice statue, Jeremiah


Innate Abilities, Weirdness & Mutations

You cannot wear most types of armour.
You are amphibious.
You can wear up to eight rings at the same time.
Your skin changes colour to match your surroundings (Stealth+).
Your rubbery body absorbs attacks. (AC +1, EV +1)
You are camouflaged when in or above water. (Stealth+)
You have tentacles for arms and can constrict up to eight enemies at once.
You are partially covered in iridescent scales. (AC +2)


Message History

Fire: a) +2 sling (elec)
Press: ? - help, Q - select action, (/) - cycle Shift-Dir - straight line, f/p - frost giant
Aim: a frost giant, wielding a +1 battleaxe of freezing (heavily wounded, paralysed, very poisoned, weak-willed, 98% to hit)
You shoot a sling bullet. The sling bullet hits the ice beast.
The ice beast is moderately wounded.
Fire: a) +2 sling (elec)
Press: ? - help, Q - select action, (/) - cycle Shift-Dir - straight line, f/p - frost giant
Aim: a frost giant, wielding a +1 battleaxe of freezing (heavily wounded, paralysed, very poisoned, weak-willed, 98% to hit)
You shoot a sling bullet.
The sling bullet barely misses the ice beast.
The sling bullet hits the frost giant!
Lightning courses through the frost giant!
The frost giant is severely wounded.
The ice beast closely misses you. The ice beast hits you.
The ice beast freezes you! The ice beast closely misses you.
The ice beast barely misses you.
The ice beast attacks as it pursues you!
The ice beast misses you.
Aiming: Quicksilver Bolt
Press: ? - help, Shift-Dir - straight line, f/p - frost giant
Aim: a frost giant, wielding a +1 battleaxe of freezing (severely wounded, paralysed, very poisoned, weak-willed, 100% to hit)
The bolt of dispelling energy hits the ice beast!!
The ice beast is almost dead.
The ice beast's magical effects unravel!
The bolt of dispelling energy hits the frost giant!
The frost giant is severely wounded.
The frost giant's magical effects unravel!
The ice beast hits you but does no damage.
The frost giant gestures at you while chanting.
The bolt of cold hits the ice beast.
The ice beast completely resists.
The bolt of cold misses you. The ice beast misses you.
Aiming: Quicksilver Bolt
Press: ? - help, Shift-Dir - straight line, f/p - frost giant
Aim: a frost giant, wielding a +1 battleaxe of freezing (freezing vapour, severely wounded, very poisoned, 98% to hit)
The bolt of dispelling energy hits the ice beast!!
The ice beast is almost dead.
The bolt of dispelling energy hits the frost giant!
The frost giant is almost dead.
The ice beast hits you. The ice beast freezes you!
* * * LOW HITPOINT WARNING * * *
Aiming: Quicksilver Bolt
Press: ? - help, Shift-Dir - straight line, f/p - frost giant
Aim: a frost giant, wielding a +1 battleaxe of freezing (water, almost dead, very poisoned, 98% to hit)
The bolt of dispelling energy misses the ice beast.
The bolt of dispelling energy hits the frost giant!
The frost giant is almost dead.
The now-empty wand crumbles to dust.
The ice beast hits you.
* * * LOW HITPOINT WARNING * * *
The ice beast freezes you!
You die...

#### #≈## #≈≈≈≈ #
#..##≈≈≈# #≈≈≈≈ ~≈
##...≈≈≈≈##~~≈≈ #≈≈≈≈ #≈≈
#....~~≈≈≈≈≈≈≈≈###≈≈≈≈ #≈≈
....~ #≈≈≈≈≈≈≈##≈≈≈≈≈ ≈≈
#.)# #≈≈≈≈≈≈≈≈≈≈≈≈≈≈
##≈#~## #≈≈≈≈≈≈≈≈≈≈≈≈≈≈
#≈≈≈≈C####≈≈≈≈≈≈≈≈≈≈≈≈≈≈
#≈≈≈≈YY@≈≈≈≈≈≈≈≈≈≈≈≈≈≈≈≈
#.~≈≈≈####≈≈≈≈≈≈≈≈≈≈≈≈≈≈≈≈
##~≈≈≈ ##≈≈≈≈≈≈≈≈≈≈~~≈≈≈
####≈ ###≈≈≈≈≈≈≈≈8~≈≈≈ ##
#≈≈≈≈≈≈≈≈~~≈≈≈
##≈≈≈≈≈≈≈≈≈≈≈≈
#≈≈≈≈≈≈≈≈≈≈≈≈
##≈≈≈≈≈≈≈≈≈≈≈≈
#≈≈≈≈≈≈≈≈≈≈≈≈≈


You could see a frost giant (very poisoned) and 2 ice beasts.

Vanquished Creatures
  A two-headed ogre (D:8)
  Pikel (D:4)
  A troll (D:9)
  3 yaks
  A wyvern (D:8)
  Grum (D:9)
  A steam dragon (D:7)
  Edmund (D:6)
  2 water moccasins
  Duvessa (D:5)
  13 ice beasts
  3 wolves
  2 ogres
  A phantom (D:5)
  2 centaurs (D:9)
  2 lemures (D:4)
  5 bullfrogs
  2 gnoll sergeants (D:9)
  3 scorpions
  5 wights (D:8)
  Dowan (D:5)
  12 killer bees
  4 howler monkeys
  4 electric eels (D:9)
  3 gnoll boudas
  4 orc priests
  8 hounds
  2 jellies
  4 sleepcaps
  4 iguanas
  7 orc wizards
  7 adders
  30 gnolls
  3 shadow imps
  4 white imps
  2 ufetubi
  3 worms
  5 dart slugs
  25 orcs
  6 ball pythons
  7 endoplasms
  A giant cockroach (D:2)
  8 goblins
  6 hobgoblins
  6 jackals
  4 quokkas
  5 bats
  3 frilled lizards (D:1)
  8 kobolds
  4 rats
241 creatures vanquished.

Notes
Turn   | Place    | Note
-------+----------+-------------------------------------------
     0 | D:1      | Ge0ff the Octopode Hexslinger began the quest for the Orb.
     0 | D:1      | Reached XP level 1. HP: 13/13 MP: 2/2
   168 | D:1      | Reached XP level 2. HP: 18/18 MP: 3/3
   171 | D:1      | Learned a level 2 spell: Jinxbite
   289 | D:1      | Reached skill level 1 in Stealth
  1110 | D:2      | Reached XP level 3. HP: 23/23 MP: 4/4
  2120 | D:2      | Reached XP level 4. HP: 29/29 MP: 3/6
  2125 | D:2      | Reached skill level 3 in Ranged Weapons
  2202 | D:2      | Found Kaidixky's Magic Scroll Shoppe.
  2213 | D:2      | Bought 2 scrolls of identify for 40 gold pieces
  2435 | D:3      | Found a burning altar of Makhleb.
  2717 | D:3      | Reached XP level 5. HP: 22/34 MP: 4/7
  3452 | D:4      | Noticed an ogre
  3461 | D:4      | Killed an ogre
  3462 | D:4      | Reached XP level 6. HP: 28/41 MP: 5/9
  3538 | D:4      | Reached skill level 4 in Ranged Weapons
  4011 | D:4      | Gained mutation: You are partially covered in iridescent
                  | scales. (AC +2) [potion of mutation]
  4422 | D:4      | Noticed Pikel
  4425 | D:5      | Entered Level 5 of the Dungeon
  4445 | D:5      | Noticed Duvessa
  4445 | D:5      | Noticed Dowan
  4538 | D:5      | Killed Duvessa
  4539 | D:5      | Reached skill level 5 in Ranged Weapons
  4539 | D:5      | Reached XP level 7. HP: 46/46 MP: 4/10
  5127 | D:5      | Found an ancient bone altar of Kikubaaqudgha.
  5222 | D:5      | Found a shimmering blue altar of Sif Muna.
  5315 | D:5      | Found a radiant altar of Vehumet.
  6019 | D:4      | Found a hazy altar of Hepliaklqana.
  6035 | D:4      | Reached skill level 6 in Ranged Weapons
  6035 | D:4      | Reached XP level 8. HP: 54/54 MP: 9/11
  6246 | D:4      | Killed Pikel
  6247 | D:4      | Reached skill level 5 in Fighting
  6247 | D:4      | Reached skill level 7 in Ranged Weapons
  6247 | D:4      | Reached skill level 5 in Hexes
  6636 | D:5      | Reached skill level 1 in Evocations
  6845 | D:5      | Killed Dowan
  6932 | D:5      | Reached skill level 8 in Ranged Weapons
  7052 | D:5      | Reached XP level 9. HP: 56/61 MP: 10/12
  7451 | D:5      | Found a staircase to the Ecumenical Temple.
  7460 | Temple   | Entered the Ecumenical Temple
  7475 | Temple   | Became a worshipper of Warmaster Okawaru
  7690 | D:6      | Noticed Edmund
  7867 | D:6      | Found a runed translucent gate.
  7867 | D:6      | Found a runed translucent gate.
  7867 | D:6      | Found a runed translucent gate.
  7868 | D:6      | Noticed a kobold demonologist
  7869 | D:6      | Noticed zurenarrh's ghost (novice DrSh)
  7966 | D:6      | Killed Edmund
  7996 | D:6      | Reached * piety under Okawaru
  7997 | D:6      | Reached skill level 9 in Ranged Weapons
  8167 | D:6      | Identified the +0 ring mail of Baheotz {Dex+2}
  8309 | D:6      | Found a glowing golden altar of the Shining One.
  8347 | D:6      | Found an opulent altar of Gozag.
  8443 | D:6      | Found a blossoming altar of Fedhas.
  9095 | D:7      | Found Adohal's Antique Armour Boutique.
  9450 | D:8      | Noticed a two-headed ogre
  9462 | D:8      | Killed a two-headed ogre
  9462 | D:8      | Reached ** piety under Okawaru
  9463 | D:8      | Reached skill level 10 in Ranged Weapons
  9628 | D:8      | Reached XP level 10. HP: 69/71 MP: 13/13
  9803 | D:8      | Reached skill level 11 in Ranged Weapons
 10537 | D:8      | Found a sparkling altar of Nemelex Xobeh.
 10576 | D:8      | Reached *** piety under Okawaru
 10620 | D:9      | Noticed Grum
 10680 | D:9      | Reached skill level 1 in Invocations
 10688 | D:9      | Killed Grum
 11107 | D:9      | Found Uzxov's Weapon Shop.
 11127 | D:9      | Bought a +1 sling of electrocution for 139 gold pieces
 11151 | D:9      | Noticed Jeremiah
 11452 | D:9      | Reached **** piety under Okawaru
 11548 | D:9      | Reached skill level 12 in Ranged Weapons
 12101 | D:9      | Reached skill level 5 in Evocations
 12101 | D:9      | Reached XP level 11. HP: 53/75 MP: 14/14
 12134 | D:8      | Reached ***** piety under Okawaru
 12524 | D:9      | Found Douddoruq's General Store.
 12677 | D:9      | Noticed a frost giant
 12701 | D:9      | Slain by an ice beast

Illustrated notes

Levels and vault maps discovered:
D:1:      sevenhm_arrival_forest_fort_large_4, layout_loops_corners,
          ebering_dispersal_statue_hall
D:2:      layout_loops_ring, serial_shops, nicolae_shop_tiny_glass,
          corexii_shack, dreamdust_princess_corridor
D:3:      layout_basic, mainiacjoe_overflow_surrounded_room
D:4:      layout_cave_pods, nicolae_hepliaklqana_hazy_memory, st_stairs_11,
          minmay_circle_x, uniq_pikel
D:5:      layout_basic, palyth_temple_overflow_mages, temple_hall,
          kennysheep_generic_room_7, uniq_duvessa
D:6:      layout_basic, mainiacjoe_overflow_chevrons,
          mainiacjoe_overflow_boulevard, old_standard_altar,
          gammafunk_ghost_nasty_kobolds, uniq_edmund
D:7:      layout_rooms, serial_shops, shop, hangedman_decor_diamond_cutter
D:8:      layout_cave_pools, lemuel_round_altar
D:9:      minmay_twisted_water, layout_cave_pools, serial_gnoll_camp,
          gnoll_camp_mini_shop, gnoll_camp_mini_shop, gnoll_camp_mini_hut,
          gnoll_camp_medium_01, gnoll_camp_medium_02, uniq_jeremiah, uniq_grum
Temple:   hellmonk_temple_beads

Skill      XL: |  1  2  3  4  5  6  7  8  9 10 11 |
---------------+----------------------------------+-----
Stealth        | 1 2 3 4 |  4.0
Ranged Weapons | 3 5 6 8 10 12 | 12.4
Fighting       | 2 3 4 5 7 |  7.8
Spellcasting   | 2 |  2.0
Hexes          | 4 5 |  5.0
Evocations     | 2 3 5 |  5.6
Invocations    | 3 |  3.4
Dodging        | 3 |  3.5
Fire Magic     | |  1.0

Action                     |  1- 3 |  4- 6 |  7- 9 | 10-12 || total
---------------------------+-------+-------+-------+-------++-------
  Melee: Unarmed           |       |    29 |    19 |       ||    48
         Tentacles         |       |     3 |     3 |     2 ||     8
         Constrict         |       |     1 |       |       ||     1
         Sling             |       |       |    22 |       ||    22
         Short sword       |       |       |       |     4 ||     4
         Punch             |       |       |       |     1 ||     1
   Fire: Sling             |    73 |   129 |   335 |   413 ||   950
   Cast: Jinxbite          |     8 |    35 |    50 |    22 ||   115
 Invoke: Heroism           |       |       |       |     1 ||     1
  Evoke: Wand              |       |       |    11 |    14 ||    25
    Use: Scroll            |       |     4 |     5 |     3 ||    12
         Potion            |       |     4 |     3 |       ||     7
   Stab: Paralysed         |       |       |       |     4 ||     4
 Armour: Skin              |     5 |    81 |   201 |   118 ||   405
  Dodge: Dodged            |     8 |    43 |   163 |   111 ||   325

Table legend: (Time is in decaauts)
 A = Elapsed time spent in this place.
 B = Non-inter-level travel time spent in this place.
 C = Inter-level travel time spent in this place.
 D = Time resting spent in this place.
 E = Time spent auto-exploring this place.
 F = Levels seen in this place.
 G = Mean time per level.
                   A        B        C        D        E       F      G
               +--------+--------+--------+--------+--------+-----+--------+
         Total |  12689 |  12363 |    326 |   1764 |   8185 |  10 | 1268.9 |
       Dungeon |  12658 |  12361 |    297 |   1764 |   8185 |   9 | 1406.4 |
        Temple |     30 |      1 |     29 |      0 |      0 |   1 |   30.0 |
               +--------+--------+--------+--------+--------+-----+--------+

Top non-repeatable levels by time:
     D:5: 2230 daAuts
     D:4: 1652 daAuts
     D:9: 1621 daAuts
     D:8: 1548 daAuts
     D:3: 1441 daAuts
     D:2: 1360 daAuts
     D:1: 1058 daAuts
     D:6: 1054 daAuts
     D:7: 690 daAuts
  Temple: 30 daAuts
